 Dungeon Crawl Stone Soup version 0.22-a0-274-gf8199ec82f (webtiles) character file.

135 Qrupt the Scratcher (level 4, 0/21 HPs)
             Began as a Felid Berserker on Mar 13, 2018.
             Was a Believer of Trog.
             Slain by an orc
             ... wielding a +2 flail of draining
              (2 damage)
             ... on level 3 of the Dungeon on Mar 14, 2018.
             The game lasted 00:06:55 (4481 turns).

Qrupt the Scratcher (Felid Berserker)               Turns: 4481, Time: 00:06:56

Health: 0/21       AC:  1    Str: 13    XL:     4   Next: 97%
Magic:  5/5        EV: 19    Int:  5    God:    Trog [**....]
Gold:   166        SH:  0    Dex: 17    Spells: 3/3 levels left
                                        Lives:  0   Deaths: 1

rFire    . . .     SeeInvis +     - Unarmed
rCold    + . .     Gourm    .   (shield unavailable)
rNeg     . . .     Faith    .   (armour unavailable)
rPois    .         Spirit   .   (helmet unavailable)
rElec    .         Reflect  .   (cloak unavailable)
rCorr    .         Harm     .   (gloves unavailable)
MR       .....                  (boots unavailable)
Stlth    ++........             (no amulet)
HPRegen  0.07/turn              i - -3 ring of intelligence (curse)
MPRegen  0.09/turn              n - ring of protection from cold

@: drained, quick
A: very small, no armour, no weapons or thrown items, stealth, claws 1, fangs 3,
see invisible, carnivore, speed 1, shaggy fur 1, slow metabolism 1, sharp paws
a: Berserk, Trog's Hand, Renounce Religion


You were on level 3 of the Dungeon.
You worshipped Trog.
Trog was pleased with you.
You were not hungry.

You visited 1 branch of the dungeon, and saw 5 of its levels.

You collected 166 gold pieces.

Inventory:

Jewellery
 i - a cursed -3 ring of intelligence (left paw)
 l - a -4 ring of dexterity
 n - a ring of protection from cold (right paw)
Scrolls
 c - a scroll of amnesia
 e - 3 scrolls of teleportation
 h - 4 scrolls of fear {unknown}
 k - 4 scrolls of identify {unknown}
 o - a scroll of remove curse
Potions
 b - 2 potions of heal wounds {unknown}
 d - 4 potions of degeneration {unknown}
 f - 3 potions of curing {unknown}
 g - a potion of might {unknown}
 j - a potion of cancellation {unknown}
 m - 2 potions of agility {unknown}
Comestibles
 a - 7 rations


   Skills:
 + Level 3.0(2.4) Fighting
 + Level 4.3(3.6) Dodging
 - Level 6.6(5.9) Unarmed Combat


You had 3 spell levels left.
You didn't know any spells.

Dungeon Overview and Level Annotations

Branches:
Dungeon (5/15)
 Temple: D:4-7

Altars:
Gozag
Trog

Shops:
D:4 [=


Innate Abilities, Weirdness & Mutations

You cannot wear armour.
You are incapable of wielding weapons or throwing items.
Your paws allow you to move quietly. (Stealth)
You have sharp claws.
You have razor-sharp teeth.
You have supernaturally acute eyesight. (SInv)
You are carnivorous and can eat meat at any time.
You cover ground quickly.
You are covered in fur. (AC +1)
You have a slow metabolism.
Your sharp claws are effective at attacking unaware monsters.


Message History

There is a stone staircase leading up here.
An orc priest comes into view. It is wielding a club.
The orc priest shouts!
There is a stone staircase leading up here.
You climb upwards.
There is a stone staircase leading down here.
You see here an embroidered scarf.
The orc shouts!
The orc is too close now for your liking.
You can't go down here!
The orc hits you with a +2 flail of draining!
Ouch! That really hurt!
You feel drained.
You are too injured to fight recklessly!
You are too injured to fight recklessly!
You closely miss the orc.
The orc hits you with a +2 flail of draining.
* * * LOW HITPOINT WARNING * * *
You feel drained.
You die...

##.########..######....#...##
#.(...[.............#.......##
#..####.###..#########..)....#
#..####.# #..# #.......#
#.......# #..# ###..[....####
#..###..# #..# #.............
#..#
#..###..#######.###o...#####
##.###............##.# #>...#
#......####.#..@o<..###..###
###.##.# ##.#.##.....##..# #
#.##.# #..#.######.##..#######
#.##.###.##.# #............
#.##.##...#.#########..#######
####.##....#........# #..# #
...#.#####...#...##.####..#
.......[..............##..#
...#.######...........##..#


You could see an orc.

Vanquished Creatures
  A howler monkey (D:4)
  A bullfrog skeleton (D:4)
  A worker ant (D:4)
  3 gnolls (D:3)
  6 adders
  2 dart slugs
  4 leopard geckos
  6 orcs
  7 giant cockroaches
  7 goblins
  6 hobgoblins
  3 jackals (D:3)
  6 kobolds
  3 quokkas
  A ball python (D:1)
  8 bats
  4 frilled lizards
  8 rats
77 creatures vanquished.

Notes
Turn   | Place    | Note
-------+----------+-------------------------------------------
     0 | D:1      | Qrupt the Felid Berserker began the quest for the Orb.
     0 | D:1      | Reached XP level 1. HP: 10/10 MP: 2/2
   144 | D:1      | Reached XP level 2. HP: 14/14 MP: 3/3
   474 | D:1      | Reached skill level 4 in Unarmed Combat
   773 | D:2      | Reached XP level 3. HP: 11/17 MP: 4/4
   945 | D:2      | Reached ** piety under Trog
  1534 | D:2      | Found an opulent altar of Gozag.
  1604 | D:2      | Reached XP level 4. HP: 21/21 MP: 5/5
  1967 | D:3      | Reached skill level 5 in Unarmed Combat
  2476 | D:3      | You fall through a shaft for 2 floors!
  2476 | D:5      | Entered Level 5 of the Dungeon
  2812 | D:4      | Found Eptaappo's Jewellery Boutique.
  2813 | D:4      | Found Munlicojeck's Armour Shoppe.
  2825 | D:4      | Reached skill level 6 in Unarmed Combat
  2825 | D:4      | Reached XP level 5. HP: 23/24 MP: 6/6
  2945 | D:4      | HP: 1/24 [poisoned by a worker ant]
  3725 | D:3      | Found a bloodstained altar of Trog.
  4440 | D:3      | Slain by an orc
  4441 | D:3      | Reached XP level 4. HP: -1/21 MP: 5/5
  4481 | D:3      | Slain by an orc

Vault maps used:
D:1:      nicolae_arrival_washed_ashore
D:2:      st_stairs_10, grunt_gozag_breadcrumbs
D:3:      lemuel_round_altar
D:4:      vehumet_statue, serial_shops, shop, shop_fountains
D:5:      first_ration, uniq_menkaure, uniq_crazy_yiuf_cottage, uniq_grinder,
          uniq_edmund

Skill      XL: |  1  2  3  4 |
---------------+-------------+-----
Unarmed Combat | 4 6 |  6.6
Fighting       | |  3.0
Dodging        | |  4.3

Action                   |  1- 3 |  4- 6 || total
-------------------------+-------+-------++-------
Melee: Unarmed           |   106 |   118 ||   224
       Bite              |     3 |    11 ||    14
       Punch             |       |     3 ||     3
Invok: Berserk           |     1 |       ||     1
  Use: Scroll            |       |     5 ||     5
 Stab: Sleeping          |     3 |     3 ||     6
  Eat: Chunk             |     1 |     5 ||     6
Armor: Skin              |     7 |     7 ||    14
Dodge: Dodged            |    91 |    76 ||   167

Table legend:
 A = Spawn XP
 B = Non-spawn XP
 C = Spawn XP percentage of total XP
 D = Spawn monster count
 E = Non-spawn monster count
 F = Spawn count percentage of total count
 G = Total turns spent on level
                    A         B        C        D         E        F      G
               +---------+---------+-------+---------+---------+-------+---------
         Total |       0 |     377 |   0.0 |       0 |      77 |   0.0 |  4481
               +---------+---------+-------+---------+---------+-------+---------
           D:1 |       0 |      35 |   0.0 |       0 |      21 |   0.0 |   720
           D:2 |       0 |      63 |   0.0 |       0 |      23 |   0.0 |  1225
           D:3 |       0 |     121 |   0.0 |       0 |      24 |   0.0 |  1986
           D:4 |       0 |     158 |   0.0 |       0 |       9 |   0.0 |   456
               +---------+---------+-------+---------+---------+-------+---------
